General information
- name: BNet
- type: Ladder team game (AT/RT)
- host: Battle.net
- saver: HeWentForPetrol
map: Battleground
- players: 8
- length: 18:51
- speed: Fast
- version: 1.26 W3XP
- replay type: Public
» download(93 KB)
Players
team 1 (loser)
Moose-G (
blue | 0 APM | 0 actions | 00:06)

»
cjacobson22 (
yellow | 13 APM | 236 actions | 18:50)
4 Far Seer
2 Feral Spirit
2 Chain Lighting
1 Tauren Chieftain
1 Endurance Aura
» actions
| Basic commands | 17 | |
| Build / train | 32 | |
| Enter build submenu | 10 | |
| Enter hero's abilities submenu | 5 | |
| Right click | 51 | |
| Select / deselect | 96 | |
| Use ability | 25 | |
236 total
» units
| Peon | 2 | |
| Grunt | 7 | |
| Troll Headhunter/Berserker | 13 | |
| Demolisher | 2 | |
24 total
» buildings
| Barracks | 1 | |
| Orc Burrow | 5 | |
| Altar of Storms | 1 | |
| War Mill | 1 | |
| Stronghold | 1 | |
| Spirit Lodge | 1 | |
10 total
» build order
00:11 Barracks
00:37 Orc Burrow
00:52 Altar of Storms
01:38 Orc Burrow
02:11 War Mill
04:22 Orc Burrow
06:12 Orc Burrow
07:01 Stronghold
12:56 Spirit Lodge
14:38 Orc Burrow
andynan00 (
teal | 87 APM | 1180 actions | 13:34)
4 Archmage
2 Summon Water Elemental
2 Brilliance Aura
1 Death Knight
1 Death Coil
» actions
| Assign group hotkey | 23 | |
| Build / train | 66 | |
| Enter build submenu | 24 | |
| Enter hero's abilities submenu | 5 | |
| Right click | 472 | |
| Select / deselect | 162 | |
| Select group hotkey | 390 | |
| Use ability | 38 | |
1180 total
» units
| Peasant | 15 | |
| Footman | 11 | |
| Acolyte | 3 | |
| Sorceress | 10 | |
| Priest | 4 | |
| Spell Breaker | 4 | |
47 total
» upgrades
» buildings
| Altar of Kings | 1 | |
| Farm | 8 | |
| Barracks | 2 | |
| Ziggurat | 1 | |
| Keep | 4 | |
| Arcane Vault | 1 | |
| Blacksmith | 1 | |
| Lumber Mill | 1 | |
| Arcane Sanctum | 3 | |
| Necropolis | 1 | |
23 total
» build order
00:23 Altar of Kings
00:27 Farm
00:38 Barracks
00:46 Farm
01:37 Farm
02:03 Farm
02:20 Ziggurat
02:31 Farm
03:00 Keep
03:00 Keep
03:01 Keep
03:20 Arcane Vault
04:01 Blacksmith
04:52 Lumber Mill
05:34 Arcane Sanctum
05:36 Arcane Sanctum
05:38 Arcane Sanctum
05:46 Barracks
08:44 Farm
08:45 Farm
08:46 Farm
09:42 Necropolis
» items
| Lesser Clarity Potion | 1 | |
| Scroll of Regeneration | 1 | |
2 total
Subaruu_WRX (
purple | 32 APM | 465 actions | 14:43)
3 Demon Hunter
2 Immolation
1 Evasion
1 Priestess of the Moon
1 Searing Arrows
» actions
| Build / train | 53 | |
| Enter build submenu | 17 | |
| Enter hero's abilities submenu | 4 | |
| Right click | 152 | |
| Select / deselect | 202 | |
| Use ability | 37 | |
465 total
» units
| Acolyte | 3 | |
| Wisp | 11 | |
| Archer | 20 | |
| Huntress | 4 | |
| Dryad | 2 | |
| Hippogryph | 4 | |
44 total
» upgrades
| Improved Bows | 1 | |
| Hippogryph Taming | 1 | |
2 total
» buildings
| Altar of Elders | 1 | |
| Ancient of War | 1 | |
| Moon Well | 6 | |
| Altar of Darkness | 1 | |
| Hunter's Hall | 1 | |
| Tree of Ages | 1 | |
| Ancient of Lore | 1 | |
| Ancient Protector | 1 | |
| Ancient of Wind | 1 | |
14 total
» build order
00:15 Altar of Elders
00:20 Ancient of War
00:23 Moon Well
00:54 Altar of Darkness
03:12 Moon Well
03:21 Moon Well
04:56 Moon Well
05:02 Hunter's Hall
06:05 Tree of Ages
07:20 Moon Well
07:26 Moon Well
09:21 Ancient of Lore
09:44 Ancient Protector
10:01 Ancient of Wind
team 2 (winner)
HeWentForPetrol (
orange | 96 APM | 1817 actions | 18:51)
4 Blood Mage
2 Flame Strike
2 Siphon Mana
1 Demon Hunter
1 Evasion
» actions
| Assign group hotkey | 72 | |
| Basic commands | 72 | |
| Build / train | 146 | |
| ESC pressed | 2 | |
| Enter build submenu | 44 | |
| Enter hero's abilities submenu | 5 | |
| Give item / drop item | 1 | |
| Right click | 383 | |
| Select / deselect | 263 | |
| Select group hotkey | 741 | |
| Use ability | 88 | |
1817 total
» units
| Peasant | 18 | |
| Footman | 15 | |
| Sorceress | 1 | |
| Gryphon Rider | 3 | |
37 total
» upgrades
| Masonry | 3 | |
| Defend | 1 | |
| Swords | 4 | |
| Lumber Harvesting | 2 | |
| Sorceress Training | 2 | |
| Magic Sentry | 1 | |
| Armor | 2 | |
| Backpack | 1 | |
| Animal War Training | 1 | |
17 total
» buildings
| Altar of Kings | 1 | |
| Barracks | 1 | |
| Farm | 8 | |
| Lumber Mill | 1 | |
| Scout Tower | 20 | |
| Arcane Tower | 10 | |
| Guard Tower | 44 | |
| Town Hall | 1 | |
| Keep | 3 | |
| Blacksmith | 1 | |
| Arcane Vault | 1 | |
| Arcane Sanctum | 1 | |
| Castle | 2 | |
| Gryphon Aviary | 2 | |
96 total
» build order
00:16 Altar of Kings
00:18 Barracks
00:21 Farm
01:02 Farm
02:49 Farm
02:53 Lumber Mill
03:31 Scout Tower
03:34 Scout Tower
03:38 Farm
03:53 Arcane Tower
03:53 Arcane Tower
03:53 Arcane Tower
03:56 Scout Tower
03:59 Arcane Tower
03:59 Arcane Tower
04:00 Guard Tower
04:01 Guard Tower
04:01 Guard Tower
04:16 Guard Tower
04:17 Guard Tower
04:18 Scout Tower
04:29 Scout Tower
04:32 Scout Tower
04:39 Guard Tower
04:39 Guard Tower
04:41 Scout Tower
05:01 Guard Tower
05:01 Guard Tower
05:01 Guard Tower
05:13 Guard Tower
05:13 Guard Tower
05:13 Guard Tower
05:26 Guard Tower
05:46 Farm
06:16 Town Hall
07:06 Scout Tower
07:08 Scout Tower
07:39 Keep
07:39 Keep
07:40 Keep
08:03 Guard Tower
08:03 Guard Tower
08:05 Scout Tower
08:26 Blacksmith
08:30 Scout Tower
08:47 Arcane Vault
09:10 Guard Tower
09:10 Guard Tower
09:12 Scout Tower
09:15 Scout Tower
09:18 Scout Tower
09:25 Scout Tower
09:28 Arcane Tower
09:28 Arcane Tower
09:40 Guard Tower
09:41 Guard Tower
09:41 Guard Tower
09:41 Guard Tower
09:57 Guard Tower
10:05 Scout Tower
10:35 Guard Tower
10:36 Guard Tower
10:55 Arcane Sanctum
12:39 Castle
12:39 Castle
12:52 Scout Tower
12:57 Scout Tower
13:42 Guard Tower
13:43 Guard Tower
13:59 Farm
14:01 Farm
14:01 Scout Tower
14:27 Scout Tower
14:41 Gryphon Aviary
14:41 Gryphon Aviary
15:19 Guard Tower
17:54 Farm
» items
| Staff of Teleportation | 1 | |
| Potion of Invisibility | 3 | |
| Scroll of Regeneration | 1 | |
| Lesser Clarity Potion | 3 | |
| Potion of Mana | 3 | |
| Orb of Fire | 2 | |
13 total
clarkitex (
green | 43 APM | 802 actions | 18:50)
6 Demon Hunter
3 Immolation
3 Evasion
» actions
| Basic commands | 12 | |
| Build / train | 101 | |
| Enter build submenu | 34 | |
| Enter hero's abilities submenu | 6 | |
| Right click | 309 | |
| Select / deselect | 288 | |
| Use ability | 52 | |
802 total
» units
| Wisp | 35 | |
| Archer | 6 | |
| Huntress | 8 | |
| Mountain Giant | 18 | |
| Druid of the Talon | 4 | |
| Chimaera | 6 | |
77 total
» upgrades
| Abolish Magic | 1 | |
| Strength of the Wild | 2 | |
| Reinforced Hides | 2 | |
| Ultravision | 2 | |
| Well Spring | 1 | |
| Resistant Skin | 1 | |
| Hardened Skin | 1 | |
| Marksmanship | 1 | |
| Improved Bows | 1 | |
| Corrosive Breath | 1 | |
13 total
» buildings
| Altar of Elders | 1 | |
| Moon Well | 13 | |
| Hunter's Hall | 1 | |
| Ancient of War | 2 | |
| Tree of Ages | 2 | |
| Ancient of Wonders | 3 | |
| Tree of Eternity | 2 | |
| Ancient of Lore | 2 | |
| Ancient Protector | 2 | |
| Tree of Life | 2 | |
| Ancient of Wind | 2 | |
| Chimaera Roost | 2 | |
34 total
» build order
00:37 Altar of Elders
00:49 Moon Well
02:12 Hunter's Hall
03:06 Ancient of War
03:13 Moon Well
04:12 Tree of Ages
04:37 Ancient of War
04:42 Moon Well
05:12 Ancient of Wonders
05:19 Ancient of Wonders
05:25 Ancient of Wonders
05:41 Moon Well
07:02 Tree of Eternity
07:11 Ancient of Lore
07:15 Ancient of Lore
08:21 Moon Well
08:23 Moon Well
08:25 Tree of Ages
08:28 Ancient Protector
08:32 Ancient Protector
08:36 Tree of Life
09:20 Moon Well
09:56 Tree of Life
10:12 Moon Well
10:14 Moon Well
11:06 Tree of Eternity
11:10 Ancient of Wind
11:13 Ancient of Wind
12:50 Moon Well
12:56 Moon Well
14:16 Chimaera Roost
14:17 Chimaera Roost
16:26 Moon Well
16:26 Moon Well

»
Ildriss (
pink | 27 APM | 104 actions | 03:49)
2 Demon Hunter
1 Immolation
1 Evasion
» actions
| Build / train | 16 | |
| Enter build submenu | 6 | |
| Enter hero's abilities submenu | 2 | |
| Right click | 33 | |
| Select / deselect | 38 | |
| Use ability | 9 | |
104 total
» units
» buildings
| Altar of Elders | 1 | |
| Moon Well | 3 | |
| Ancient of War | 1 | |
| Hunter's Hall | 1 | |
6 total
» build order
00:08 Altar of Elders
00:11 Moon Well
00:39 Ancient of War
01:25 Moon Well
02:29 Moon Well
03:39 Hunter's Hall
iamarenegade (
red | 47 APM | 882 actions | 18:50)
4 Demon Hunter
2 Immolation
2 Mana Burn
4 Dark Ranger
2 Black Arrow
1 Silence
1 Life Drain
1 Keeper of the Grove
1 Force of Nature
» actions
| Build / train | 51 | |
| ESC pressed | 2 | |
| Enter build submenu | 14 | |
| Enter hero's abilities submenu | 9 | |
| Right click | 547 | |
| Select / deselect | 230 | |
| Use ability | 29 | |
882 total
» units
| Wisp | 16 | |
| Archer | 3 | |
| Huntress | 4 | |
| Glaive Thrower | 1 | |
| Druid of the Talon | 3 | |
| Chimaera | 4 | |
31 total
» upgrades
| Reinforced Hides | 2 | |
| Sentinel | 1 | |
| Strength of the Wild | 2 | |
| Corrosive Breath | 1 | |
6 total
» buildings
| Altar of Elders | 1 | |
| Moon Well | 6 | |
| Ancient of War | 1 | |
| Hunter's Hall | 1 | |
| Tree of Ages | 1 | |
| Ancient of Wind | 1 | |
| Tree of Eternity | 1 | |
| Chimaera Roost | 2 | |
| Ancient of Wonders | 1 | |
| Tree of Life | 1 | |
16 total
» build order
00:10 Altar of Elders
00:20 Moon Well
01:05 Ancient of War
01:32 Moon Well
02:06 Hunter's Hall
02:30 Moon Well
03:53 Tree of Ages
04:37 Moon Well
05:52 Moon Well
07:37 Ancient of Wind
08:34 Tree of Eternity
09:17 Moon Well
11:31 Chimaera Roost
11:35 Chimaera Roost
13:10 Ancient of Wonders
15:05 Tree of Life
Chat log
(00:11 / All) HeWentForPetrol: GL HF!!!!
(00:30 / All) HeWentForPetrol: NO RUSH 40!
(00:32 / All) HeWentForPetrol: ^^
(00:52 / All) Ildriss: good players, they stay!
(01:09 / All) Ildriss: like that
(01:37 / All) HeWentForPetrol: I bet you are all rushing because it's 3v4
(01:55 / All) Ildriss: really!
(01:59 / All) Ildriss: noooooo
(02:12 / All) HeWentForPetrol: I wanted to tech and test a new strat but I got this map and a 3v4
(03:49 / Allies) HeWentForPetrol: stupid spic
(03:51 / All) andynan00: lol
(07:28 / Allies) clarkitex: B
(07:59 / Allies) HeWentForPetrol: kk not stealing anymore items
(08:01 / Allies) HeWentForPetrol: I apologise
(11:52 / All) andynan00: noob oj?
(11:56 / All) HeWentForPetrol: I'm a noob?
(11:57 / All) HeWentForPetrol: How so?
(12:01 / All) andynan00: lol
(12:06 / All) HeWentForPetrol: i just raped you with only a hero
(12:12 / All) andynan00: nope not me
(12:17 / All) andynan00: peasants retart
(12:26 / All) andynan00: cant play correctly?
(12:27 / All) HeWentForPetrol: You serious?
(12:38 / All) HeWentForPetrol: or just an actual retard
(12:43 / All) HeWentForPetrol: "NOT ME JUST THE PEONS LOL"
(12:52 / All) andynan00: 1v1?
(12:59 / All) HeWentForPetrol: Ok after my team wins
(13:22 / All) andynan00: just gg already guys
(13:26 / Allies) HeWentForPetrol: ty green
(13:32 / All) HeWentForPetrol: that is kind of contradictory
(13:38 / All) HeWentForPetrol: shouldn't winning against noobs be easy?
(13:48 / All) HeWentForPetrol: I liked that hall I found by mistake
(13:49 / All) HeWentForPetrol: was cute
(14:46 / All) HeWentForPetrol: lol
(14:51 / All) clarkitex: GG ALREADY
(14:53 / All) HeWentForPetrol: gg
(15:58 / All) HeWentForPetrol: do you even have 5 peons on gold?
(16:02 / All) HeWentForPetrol: well not anymore
(16:04 / All) HeWentForPetrol: but oh well
(16:17 / All) HeWentForPetrol: OOH NICE BURROW PLACEMENT
(16:20 / All) HeWentForPetrol: THANKS BRO!
(17:10 / All) cjacobson22: SUCK MY TREE DICK!!!!!!!!!!!!!!!!!!!!!!
(17:14 / All) HeWentForPetrol: lawl
(17:17 / All) HeWentForPetrol: What's wrong?
(17:24 / All) cjacobson22: Nevermind :(
(17:28 / All) HeWentForPetrol: I haven't raped another team to this degree in a while
(17:38 / All) HeWentForPetrol: Do you mean your dick is getting wood and hence it is a tree?
(17:48 / All) HeWentForPetrol: Are you a sadomasochist and want to be abused my individuals such as myself in WC3?
(18:03 / All) cjacobson22: .....yes